 Dungeon Crawl Stone Soup version 0.23-a0-54-gae6112e (webtiles) character file.

32 Amnesiac the Gusty (level 3, -2/24 HPs)
             Began as a Mummy Air Elementalist on Aug 8, 2018.
             Slain by an adder (5 damage)
             ... on level 3 of the Dungeon.
             The game lasted 00:02:46 (1005 turns).

Amnesiac the Gusty (Mummy Air Elementalist)         Turns: 1005, Time: 00:02:47

Health: -2/24      AC:  2    Str: 11    XL:     3   Next: 8%
Magic:  7/7        EV: 12    Int: 15    God:
Gold:   71         SH:  0    Dex: 12    Spells: 7/8 levels left

rFire    x . .     SeeInvis .   a - +0 hunting sling
rCold    + . .     Gourm    .   (no shield)
rNeg     + + +     Faith    .   e - +0 robe
rPois    ∞         Spirit   .   (no helmet)
rElec    .         Reflect  .   (no cloak)
rCorr    .         Harm     .   (no gloves)
MR       .....                  (no boots)
Stlth    ++........             (no amulet)
HPRegen  0.08/turn              (no ring)
MPRegen  0.10/turn              (no ring)

@: no status effects
A: no food or potions, fire vulnerability, cold resistance 1, negative energy
resistance 3, torment resistance, unbreathing
a: no special abilities


You were on level 3 of the Dungeon.
You were not hungry.

You visited 1 branch of the dungeon, and saw 4 of its levels.

You collected 71 gold pieces.

Inventory:

Hand Weapons
 a - a +0 hunting sling (weapon)
 b - a +0 mace
Missiles
 f - 15 sling bullets (quivered)
 g - 14 stones
Armour
 e - a +0 robe (worn)
Scrolls
 c - 3 scrolls of teleportation {!r, unknown}
 d - a scroll of immolation {!r, unknown}
 h - a scroll of noise {!r, unknown}
 i - a scroll of blinking {!r, unknown}


   Skills:
 - Level 1.5 Dodging
 - Level 1.5 Stealth
 + Level 3.2 Spellcasting
 - Level 0.7 Conjurations
 * Level 3.2 Air Magic


You had 7 spell levels left.
You knew the following spells:

 Your Spells              Type           Power        Failure   Level  Hunger
a - Shock                 Conj/Air       #...         9%          1    N/A

Your spell library contained the following spells:

 Spells                   Type           Power        Failure   Level  Hunger
 Lightning Bolt           Conj/Air       #.........   94%         5    N/A
 Swiftness                Chrm/Air       #.......     16%         2    N/A
 Airstrike                Air            ##........   45%         4    N/A
 Static Discharge         Conj/Air       #.......     26%         3    N/A

Dungeon Overview and Level Annotations

Branches:
Dungeon (4/15)
 Temple: D:4-7

Altars:
Okawaru
Zin

Annotations:
D:3 Edmund


Innate Abilities, Weirdness & Mutations

You do not eat or drink.
Your flesh is vulnerable to fire.
You are immune to poison.
Your flesh is cold resistant. (rC+)
You are immune to negative energy. (rN+++)
You are immune to unholy pain and torment.
You can survive without breathing.


Message History

Confirm with . or Enter, or press ? or * to list all spells.
Aiming: Shock (safe; 9% risk of failure)
Press: ? - help, Shift-Dir - straight line The zap hits Edmund.
Edmund is moderately wounded.
The zap hits Edmund.
Edmund appears unharmed.
Edmund is moderately wounded.
Edmund hits you with a flail of protection!
* * * LOW HITPOINT WARNING * * *
Unknown command.
Casting: Shock (safe; 9% risk of failure)
Confirm with . or Enter, or press ? or * to list all spells.
Aiming: Shock (safe; 9% risk of failure)
Press: ? - help, Shift-Dir - straight line The zap hits Edmund.
Edmund is moderately wounded.
The zap hits Edmund.
Edmund appears unharmed.
Edmund is moderately wounded.
Edmund closely misses you.
Unknown command.
Casting: Shock (safe; 9% risk of failure)
Confirm with . or Enter, or press ? or * to list all spells.
Aiming: Shock (safe; 9% risk of failure)
Press: ? - help, Shift-Dir - straight line The zap hits Edmund.
Edmund is moderately wounded.
The zap hits Edmund.
Edmund appears unharmed.
Edmund is moderately wounded.
Edmund hits you with a flail of protection.
* * * LOW HITPOINT WARNING * * *
Unknown command.
Your magical contamination has completely faded away.
Edmund says, "You wouldn't believe how much I paid for this flail."
There is an iron altar of Okawaru here.
You see here a lumpy purple potion {!q}.
Edmund grinds his teeth, and then sighs.
You see here an adder skeleton.
Edmund asks, "Have you met my wondrous brother?"
Okay, then.
Found 12 gold pieces.
There is a stone staircase leading down here.
The bat closely misses you. The bat misses you.
The bat hits you but does no damage. The bat misses you.
Edmund asks, "Have you met my wondrous brother?"
The bat hits you.
* * * LOW HITPOINT WARNING * * *
The bat closely misses you. The bat misses you. The bat barely misses you.
Edmund asks, "Have you met my wondrous brother?"
The bat hits you but does no damage.
The adder hisses angrily.
The bat completely misses you. The bat hits you but does no damage.
The adder bites you.
* * * LOW HITPOINT WARNING * * *
The bat hits you but does no damage. x2; The adder barely misses you.
There is a stone staircase leading down here.
The bat hits you.
* * * LOW HITPOINT WARNING * * *
The adder bites you.
* * * LOW HITPOINT WARNING * * *
The adder bites you.
You die...

###.....##....#.... #...####÷#
...S..............#
##...##...# ......#..........#
###.......###
.....$.....(.....# #........##
......#..........####........#
.. #........$..##.........###
. #......................÷.#
#...............#.....#..#
#........S@w..##..%....#[##
.#!.......@b#...........#...
............#....###....###.
.#..###.##.....### ##..## #.
## #..........# ##.####.
#........#.##### +...#.!
......$..#.# ####....
##.......#.# #..###..
..########.# #..##..


You could see Edmund, a worm, an adder and a bat.

Vanquished Creatures
  An adder (D:3)
  An ooze (D:3)
  2 giant cockroaches (D:3)
  4 goblins
  5 hobgoblins
  A quokka (D:3)
  2 rats
16 creatures vanquished.

Notes
Turn   | Place    | Note
-------+----------+-------------------------------------------
     0 | D:1      | Amnesiac the Mummy Air Elementalist began the quest for the Orb.
     0 | D:1      | Reached XP level 1. HP: 13/13 MP: 4/4
   328 | D:2      | Found a glowing silver altar of Zin.
   401 | D:3      | Reached XP level 2. HP: 10/19 MP: 0/5
   878 | D:3      | Reached XP level 3. HP: 20/24 MP: 7/7
   882 | D:3      | Found an iron altar of Okawaru.
   918 | D:4      | Noticed Edmund
  1005 | D:3      | Slain by an adder

Vault maps used:
D:1:      ncdulo_smallfort, st_stairs_6
D:2:      zin_academy
D:3:      grunt_temple_overflow_lords_of_destruction, grunt_qazlal_clouds,
          kennysheep_okawaru_gauntlet
D:4:      fedhas_altar_3, first_ration, uniq_edmund

Skill      XL: |  1  2 |
---------------+-------+-----
Spellcasting   | 3 |  3.2
Air Magic      | 3 |  3.2
Dodging        | |  1.5
Stealth        | |  1.5
Conjurations   | |  0.7

Action                   || total
-------------------------++-------
Melee: Unarmed           ||     5
       Mace              ||     4
 Fire: Hunting sling     ||     9
 Cast: Shock             ||    35
Armor: Robe              ||    12
Dodge: Dodged            ||    36

Table legend:
 A = Spawn XP
 B = Non-spawn XP
 C = Spawn XP percentage of total XP
 D = Spawn monster count
 E = Non-spawn monster count
 F = Spawn count percentage of total count
 G = Total turns spent on level
                    A         B        C        D         E        F      G
               +---------+---------+-------+---------+---------+-------+---------
         Total |       0 |      46 |   0.0 |       0 |      16 |   0.0 |  1005
               +---------+---------+-------+---------+---------+-------+---------
           D:1 |       0 |       4 |   0.0 |       0 |       2 |   0.0 |   311
           D:2 |       0 |       3 |   0.0 |       0 |       2 |   0.0 |    85
           D:3 |       0 |      39 |   0.0 |       0 |      12 |   0.0 |   603
               +---------+---------+-------+---------+---------+-------+---------
